 Dungeon Crawl Stone Soup version 0.27-a0-1071-ga85bd9520d (webtiles) character file.

Game seed: 11590451444407387328

945 scammafunk the Shield-Bearer (level 7, -1/64 HPs)
             Began as a Minotaur Fighter on Apr 24, 2021.
             Was a Believer of Nemelex Xobeh.
             Slain by a jelly (2 damage)
             ... on level 6 of the Dungeon.
             The game lasted 00:14:07 (4033 turns).

scammafunk the Shield-Bearer (Minotaur Fighter)     Turns: 4033, Time: 00:14:07

Health: -1/64      AC:  7    Str: 23    XL:     7   Next: 89%
Magic:  6/6        EV: 12    Int:  5    God:    Nemelex Xobeh [**....]
Gold:   114        SH: 11    Dex:  9    Spells: 6/6 levels left

rFire    . . .     SeeInvis .   f - +1 spear (freeze)
rCold    . . .     Faith    .   c - +1 kite shield
rNeg     . . .     Spirit   .   b - +0 scale mail
rPois    .         Reflect  .   (helmet restricted)
rElec    .         Harm     .   (no cloak)
rCorr    .         Rampage  .   (no gloves)
Will     .....                  (no boots)
Stlth    ..........             (no amulet)
HPRegen  0.20/turn              e - +4 ring of evasion
MPRegen  0.10/turn              (no ring)

@: no status effects
A: horns 2, retaliatory headbutt
a: Renounce Religion, Draw Escape, Draw Destruction, Draw Summoning


You were on level 6 of the Dungeon.
You worshipped Nemelex Xobeh.
Nemelex Xobeh was pleased with you.
You visited 2 branches of the dungeon, and saw 7 of its levels.

You collected 289 gold pieces.
You spent 175 gold pieces at shops.

Inventory:

Hand Weapons
 a - a +0 trident
 f - a +1 spear of freezing (weapon)
Armour
 b - a +0 scale mail (worn)
 c - a +1 kite shield (worn)
Jewellery
 e - a +4 ring of evasion (left hand)
 i - an amulet of magic regeneration
 j - a ring of resist corrosion
 l - a ring of positive energy
Scrolls
 g - 2 scrolls of identify
 h - a scroll of blinking
 m - a scroll of holy word
 n - a scroll of enchant armour
 o - 2 scrolls of teleportation
 p - a scroll of immolation
 q - a scroll of fog
 r - a scroll of amnesia {unknown}
Potions
 d - a potion of might
 k - a potion of curing
 s - a potion of resistance {unknown}


   Skills:
 + Level 6.4 Fighting
 + Level 5.8 Polearms
 + Level 6.5 Armour
 + Level 6.6 Shields


You had 6 spell levels left.
You didn't know any spells.
Your spell library contained the following spells:

 Spells                   Type           Power      Damage    Failure   Level
 Animate Skeleton         Necr           0%         N/A       98%         1
 Corona                   Hex            0%         N/A       98%         1
 Foxfire                  Conj/Fire      0%         2x1d4     98%         1
 Magic Dart               Conj           0%         1d3       98%         1
 Pain                     Necr           0%         1d4       98%         1
 Ensorcelled Hibernation  Hex/Ice        0%         N/A       99%         2
 Searing Ray              Conj           0%         3d3       99%         2
 Confusing Touch          Hex            0%         N/A       100%        3
 Conjure Flame            Conj/Fire      0%         6-21      100%        3
 Dazzling Flash           Conj/Hex       0%         N/A       100%        3
 Inner Flame              Hex/Fire       0%         N/A       100%        3
 Tukima's Dance           Hex            0%         N/A       100%        3
 Vampiric Draining        Necr           0%         2d6       100%        3
 Animate Dead             Necr           0%         N/A       100%        4
 Fulminant Prism          Conj/Hex       0%         3d6       100%        4
 Iskenderun's Mystic Bla  Conj/Tloc      0%         2d3       100%        4
 Sticky Flame             Conj/Fire      0%         2d3       100%        4
 Agony                    Necr           0%         N/A       100%        5
 Fireball                 Conj/Fire      0%         3d3       100%        5


Dungeon Overview and Level Annotations

Branches:
Dungeon (6/15)             Temple (1/1) D:6

Altars:
Ashenzari
Cheibriados
Dithmenos
Elyvilon
Fedhas
Gozag
Hepliaklqana
Kikubaaqudgha
Makhleb
Nemelex Xobeh
Okawaru
Qazlal
Ru
Sif Muna
Trog
Uskayaw
Vehumet
Wu Jian
Xom
Yredelemnul
Zin
The Shining One

Shops:
D:4 ?   D:5 (


Innate Abilities, Weirdness & Mutations

You have a pair of horns on your head.
You reflexively headbutt those who attack you in melee.


Message History

You block the shadow imp's attack.
You hit the shadow imp.
The shadow imp is heavily wounded.
The shadow imp gestures at you. Pain shoots through your body!
* * * LOW HITPOINT WARNING * * *
A jelly comes into view.
The jelly quivers.
You hit the shadow imp.
You headbutt the shadow imp, but do no damage.
The shadow imp is heavily wounded.
You block the shadow imp's attack.
You hit the shadow imp but do no damage.
The shadow imp is heavily wounded.
The shadow imp hits you but does no damage.
You hit the shadow imp but do no damage.
You headbutt the shadow imp, but do no damage.
The shadow imp is heavily wounded.
The shadow imp barely misses you. You furiously retaliate!
You headbutt the shadow imp. You hit the shadow imp.
You kill the shadow imp!
You hit the jelly. You freeze the jelly.
Your hands burn!
* * * LOW HITPOINT WARNING * * *
The jelly is lightly wounded.
The jelly hits you but does no damage.
You hit the jelly but do no damage.
Your hands burn!
* * * LOW HITPOINT WARNING * * *
The jelly is lightly wounded.
You block the jelly's attack.
You hit the jelly. You freeze the jelly.
Your hands burn!
* * * LOW HITPOINT WARNING * * *
The jelly is heavily wounded.
You block the jelly's attack.
You hit the jelly. You freeze the jelly.
Your hands burn!
* * * LOW HITPOINT WARNING * * *
The jelly is almost dead.
The jelly hits you.
You die...
Your body disappears without a glow.

....#.. #.... ...# ##.##
..#..### ....
....##..#.<.#.. ... #
........#......### #.# .#
#..##..........#.###.###.##.
##..#......................_
#..............J.#.........
#......#.......@..#.......#
##.....#..####.....)..#...
##......##..#####.(.........
#......###...#.#...#..##....
...[..............##...(....
........#..........##(......
....#.####.8.#...#.....>...
#......#.........#.........
##.......8.>.8.......#.#...


You could see a jelly.

Vanquished Creatures
  A hornet zombie (D:6)
  An ice beast (D:5)
  3 ogres
  A wyvern zombie (D:6)
  A water moccasin skeleton (D:6)
  3 bullfrog zombies
  A jelly (D:5)
  A bullfrog skeleton (D:5)
  2 hounds (D:5)
  5 adders
  3 gnolls
  2 river rats (D:4)
  A shadow imp (D:6)
  A white imp (D:5)
  An ufetubus (D:5)
  A worm (D:5)
  A dart slug (D:5)
  An orc (D:3)
  7 ball pythons
  4 endoplasms
  7 giant cockroaches
  13 goblins
  7 hobgoblins
  4 kobolds
  2 quokkas
  5 bats
  2 frilled lizards
  2 rats (D:2)
83 creatures vanquished.

Notes
Turn   | Place    | Note
-------+----------+-------------------------------------------
     0 | D:1      | scammafunk the Minotaur Fighter began the quest for the
                  | Orb.
     0 | D:1      | Reached XP level 1. HP: 19/19 MP: 0/0
    65 | D:1      | Found a faded altar of an unknown god.
    72 | D:1      | Became a worshipper of Nemelex Xobeh the Trickster
    72 | D:1      | Reached * piety under Nemelex Xobeh
   199 | D:1      | Reached XP level 2. HP: 13/27 MP: 1/1
   357 | D:1      | Received a gift from Nemelex Xobeh
   808 | D:2      | Reached XP level 3. HP: 29/33 MP: 2/2
  1375 | D:2      | Found a blossoming altar of Fedhas.
  1472 | D:3      | Found a hazy altar of Hepliaklqana.
  1596 | D:3      | Found a basalt altar of Yredelemnul.
  1621 | D:3      | Found a sacrificial altar of Ru.
  1623 | D:3      | Found a glowing golden altar of the Shining One.
  1709 | D:3      | Reached XP level 4. HP: 40/40 MP: 3/3
  1726 | D:3      | Reached ** piety under Nemelex Xobeh
  2197 | D:4      | Found an ornate altar of the Wu Jian Council.
  2529 | D:4      | Found Xesoec's Magic Scroll Shoppe.
  2532 | D:4      | Bought a scroll of identify for 28 gold pieces
  2532 | D:4      | Bought a scroll of teleportation for 42 gold pieces
  2532 | D:4      | Bought a scroll of identify for 28 gold pieces
  2532 | D:4      | Bought a scroll of immolation for 49 gold pieces
  2532 | D:4      | Bought a scroll of fog for 28 gold pieces
  2655 | D:5      | Entered Level 5 of the Dungeon
  2671 | D:5      | Noticed an ogre
  2673 | D:5      | Reached XP level 5. HP: 47/47 MP: 4/4
  2673 | D:5      | Noticed an ogre
  2683 | D:5      | Killed an ogre
  2684 | D:5      | Reached skill level 5 in Armour
  2684 | D:5      | Reached skill level 5 in Shields
  2692 | D:5      | Killed an ogre
  2693 | D:5      | Reached skill level 5 in Fighting
  2693 | D:5      | Reached XP level 6. HP: 12/56 MP: 5/5
  3068 | D:5      | Noticed an ice beast
  3086 | D:5      | Killed an ice beast
  3105 | D:5      | Found Atiseq's Weapon Boutique.
  3251 | D:5      | Reached XP level 7. HP: 62/62 MP: 6/6
  3270 | D:5      | Reached skill level 5 in Polearms
  3860 | D:6      | Found a staircase to the Ecumenical Temple.
  3866 | Temple   | Entered the Ecumenical Temple
  4015 | D:6      | Found a glowing silver altar of Zin.
  4032 | D:6      | HP: 1/64 [acid (4)]
  4033 | D:6      | Slain by a jelly

Illustrated notes

Levels and vault maps discovered:
D:1:      lightli_arrival_isolated_outpost, layout_loops_ring,
          shapermc_ecumenical_altar_totnotflames, minmay_misc_feat_roman
D:2:      layout_loops_ring, basic_altar
D:3:      layout_rooms, yredelemnul_altar_generic,
          worldfamousw_hep_ancestral_shrine,
          chequers_temple_overflow_statue_of_worship
D:4:      layout_basic, lemuel_tele_altar, serial_shops, kennysheep_mini
D:5:      layout_basic, serial_shops, nicolae_shop_waterfront
D:6:      minmay_octagon_keep, layout_cave_pools, overflow_temple_1_default,
          minmay_temple_entry_statues_pillars, serial_shops, shop, uniq_grinder
Temple:   lightli_temple_of_artemis

Skill      XL: |  1  2  3  4  5  6  7 |
---------------+----------------------+-----
Fighting       | 4 5 6 |  6.4
Armour         | 4 5 6 |  6.5
Shields        | 4 5 6 |  6.6
Polearms       | 3 4 5 |  5.8

Action                   |  1- 3 |  4- 6 |  7- 9 || total
-------------------------+-------+-------+-------++-------
Melee: Trident           |   103 |    22 |       ||   125
       Headbutt          |    11 |    20 |    20 ||    51
       Spear             |       |    90 |    81 ||   171
Invok: Draw Destruction  |       |     3 |       ||     3
       Draw Escape       |       |     1 |       ||     1
  Use: Potion            |     5 |       |       ||     5
       Scroll            |     4 |     1 |       ||     5
Armor: Scale mail        |    40 |    14 |    14 ||    68
Dodge: Dodged            |    23 |    39 |    32 ||    94
Block: Kite shield       |    40 |    44 |    37 ||   121

Table legend: (Time is in decaauts)
 A = Elapsed time spent in this place.
 B = Non-inter-level travel time spent in this place.
 C = Inter-level travel time spent in this place.
 D = Time resting spent in this place.
 E = Time spent auto-exploring this place.
 F = Levels seen in this place.
 G = Mean time per level.
                   A        B        C        D        E       F      G
               +--------+--------+--------+--------+--------+-----+--------+
         Total |   4096 |   3991 |    105 |    602 |   2719 |   7 |  585.1 |
       Dungeon |   3972 |   3867 |    105 |    602 |   2619 |   6 |  662.0 |
        Temple |    124 |    124 |      0 |      0 |    100 |   1 |  124.0 |
               +--------+--------+--------+--------+--------+-----+--------+

Top non-repeatable levels by time:
     D:5: 898 daAuts
     D:1: 815 daAuts
     D:4: 760 daAuts
     D:2: 663 daAuts
     D:3: 472 daAuts
     D:6: 361 daAuts
  Temple: 124 daAuts
